 Dungeon Crawl Stone Soup version 0.22-a0-223-g0f5d773 (webtiles) character file.

35 MacroTabsAreStupid the Shield-Bearer (level 3, 0/34 HPs)
             Began as a Deep Dwarf Fighter on Feb 18, 2018.
             Slain by a gnoll
             ... wielding a +0 whip
              (6 damage)
             ... on level 2 of the Dungeon.
             The game lasted 00:02:26 (665 turns).

MacroTabsAreStupid the Shield-Bearer (DDFi)          Turns: 665, Time: 00:02:27

Health: 0/34       AC:  7    Str: 20    XL:     3   Next: 16%
Magic:  3/3        EV:  7    Int:  8    God:
Gold:   9          SH:  9    Dex: 12    Spells: 2/2 levels left

rFire    . . .     SeeInvis .   a - +0 war axe
rCold    . . .     Gourm    .   c - +0 shield
rNeg     . . .     Faith    .   b - +0 scale mail
rPois    .         Spirit   .   (no helmet)
rElec    .         Reflect  .   (no cloak)
rCorr    .         Harm     .   (no gloves)
MR       .....                  (no boots)
Stlth    ..........             (no amulet)
HPRegen  0.00/turn              (no ring)
MPRegen  0.08/turn              (no ring)

@: non-regenerating
A: damage resistance, heal wounds, sense surroundings 1, no regeneration
a: Heal Wounds


You were on level 2 of the Dungeon.
You were not hungry.

You visited 1 branch of the dungeon, and saw 2 of its levels.

You collected 9 gold pieces.

Inventory:

Hand Weapons
 a - a +0 war axe (weapon)
Armour
 b - a +0 scale mail (worn)
 c - a +0 shield (worn)
Scrolls
 i - a scroll of magic mapping {unknown}
 k - 2 scrolls of identify {unknown}
 l - a scroll of remove curse {unknown}
Potions
 d - 2 potions of might
 g - a potion of degeneration {unknown}
 j - a potion of cancellation {unknown}
Comestibles
 f - 5 rations


   Skills:
 + Level 3.0 Fighting
 + Level 2.7 Axes
 + Level 3.7 Armour
 + Level 3.7 Shields


You had 2 spell levels left.
You didn't know any spells.

Dungeon Overview and Level Annotations

Branches:
Dungeon (2/15)

Altars:


Innate Abilities, Weirdness & Mutations

You are resistant to damage.
You can heal yourself by infusing magical energy.
You passively map a small area around you.
You do not regenerate.


Message History

You annihilate the gnoll!!!
You have reached level 3!!!
Your experience leads to an increase in your attributes!!!
Increase (S)trength, (I)ntelligence, or (D)exterity?
You feel stronger!
You slice the gnoll like a ripe choko! You open the gnoll but do no damage!
You block the butt's attack! The gnoll barely misses you!
You block the gnoll's attack!
The gnoll hits you with a whip of freezing!!!
The gnoll freezes you!
The gnoll hits you with a whip! * * * don't die
* * * You closely miss the gnoll!
The gnoll is lightly wounded!
You closely miss the gnoll!
Your shield and scale mail prevent you from hitting the gnoll!
The gnoll hits you butt does no damage!
The gnoll butts you with a whip of freezing! * * * don't die
* * * The butt freezes you!
The gnoll hits you with a whip!!! butt

, ###.#.........#
, *
..............# *
###..........# *
* ........<...#
#####.......####*
* ............+ ,
+ * #...........#
, , * *
#.....g.....#,,
,, #....Zg@....#
#.....g.....# ,
#...........# , ,
#...........# ,
#...........# ,,
, #...........#
############# ,


You could see 3 gnolls and a quokka skeleton.

Vanquished Creatures
  A gnoll (D:2)
  An ooze (D:1)
  A dart slug (D:1)
  2 goblins (D:1)
  3 hobgoblins (D:1)
  A bat (D:1)
  3 frilled lizards (D:1)
  2 kobolds (D:1)
  8 rats (D:1)
22 creatures vanquished.

Notes
Turn   | Place    | Note
-------+----------+-------------------------------------------
     0 | D:1      | MacroTabsAreStupid the Deep Dwarf Fighter began the quest for the Orb.
     0 | D:1      | Reached XP level 1. HP: 20/20 MP: 1/1
    36 | D:1      | Reached XP level 2. HP: 22/27 MP: 2/2
   189 | D:1      | Reached skill level 3 in Fighting
   664 | D:2      | Reached XP level 3. HP: 16/34 MP: 3/3
   665 | D:2      | Slain by a gnoll

Vault maps used:
D:1:      tarquinn_simple_flora_water_e, serial_forest,
          infiniplex_forest_clump_double, infiniplex_forest_straight_1,
          infiniplex_forest_clump_long, infiniplex_forest_lined_room_,
          infiniplex_forest_clump_long, infiniplex_forest_pool,
          infiniplex_forest_pool, infiniplex_forest_clump_diagonal,
          infiniplex_forest_lined_2, infiniplex_forest_clump_double
D:2:      minmay_shallow_snake_nest, uniq_natasha, uniq_sigmund

Skill      XL: |  1  2 |
---------------+-------+-----
Fighting       | 3 |  3.0
Axes           | |  2.7
Armour         | |  3.7
Shields        | |  3.7

Action                   || total
-------------------------++-------
Melee: War axe           ||    64
Armor: Scale mail        ||    34
Dodge: Dodged            ||    24
Block: Shield            ||    38

Table legend:
 A = Spawn XP
 B = Non-spawn XP
 C = Spawn XP percentage of total XP
 D = Spawn monster count
 E = Non-spawn monster count
 F = Spawn count percentage of total count
 G = Total turns spent on level
                    A         B        C        D         E        F      G
               +---------+---------+-------+---------+---------+-------+---------
         Total |       0 |      50 |   0.0 |       0 |      22 |   0.0 |   665
               +---------+---------+-------+---------+---------+-------+---------
           D:1 |       0 |      36 |   0.0 |       0 |      21 |   0.0 |   648
           D:2 |       0 |      14 |   0.0 |       0 |       1 |   0.0 |    17
               +---------+---------+-------+---------+---------+-------+---------
